 Dungeon Crawl Stone Soup version 0.22-b1-59-g0aedee7 (webtiles) character file.

1552 Doobh the Slicer (level 9, -2/52 HPs)
             Began as a Kobold Assassin on Aug 10, 2018.
             Slain by Grinder (5 damage)
             ... while paralysed by Grinder
             ... on level 6 of the Dungeon.
             The game lasted 00:30:41 (7990 turns).

Doobh the Slicer (Kobold Assassin)                  Turns: 7990, Time: 00:30:42

Health: -2/52      AC:  5    Str:  8    XL:     9   Next: 12%
Magic:  9/9        EV:  3    Int: 13    God:
Gold:   380        SH:  0    Dex: 19    Spells: 8/8 levels left

rFire    + . .     SeeInvis .   s - +1 short sword (holy)
rCold    + + .     Gourm    .   (shield restricted)
rNeg     . . .     Faith    .   o - +1 robe of Conscience {+Fly rC+ MR-}
rPois    +         Spirit   .   (no helmet)
rElec    +         Reflect  .   d - +0 cloak
rCorr    +         Harm     .   (no gloves)
MR       .....                  m - +0 pair of boots
Stlth    ++++......             (no amulet)
HPRegen  0.57/turn              (no ring)
MPRegen  0.11/turn              (no ring)

@: paralysed, resistant
A: small, carnivore, poison resistance, regeneration 1
a: Evoke Flight


You were on level 6 of the Dungeon.
You were completely stuffed.

You visited 1 branch of the dungeon, and saw 6 of its levels.
You also visited: Ossuary.

You collected 440 gold pieces.
You spent 60 gold pieces at shops.

Inventory:

Hand Weapons
 b - a +0 blowgun
 l - a +2 dagger of protection
 s - a +1 short sword of holy wrath (weapon)
 x - a +3 dagger of venom
Missiles
 e - 13 poisoned needles
 u - 145 stones (quivered)
 y - 2 curare-tipped needles
 E - 4 tomahawks
Armour
 d - a +0 cloak (worn)
 m - a +0 pair of boots (worn)
 o - the +1 robe of Conscience (worn) {+Fly rC+ MR-}
   (You found it on level 5 of the Dungeon)

   It protects you from cold.
   It affects your resistance to hostile enchantments.
   It lets you fly.
Jewellery
 q - an uncursed ring of wizardry
Wands
 a - a wand of paralysis (15)
 c - a wand of acid (7)
 w - a wand of flame (19)
Scrolls
 h - a scroll of magic mapping
 j - 3 scrolls of teleportation
 k - 2 scrolls of remove curse
 n - 5 scrolls of amnesia
 p - 3 scrolls of enchant armour
 t - a scroll of noise {unknown}
 v - a scroll of fear {unknown}
 G - a scroll of immolation {unknown}
Potions
 f - 4 potions of curing
 i - 2 potions of haste
 z - a potion of resistance
 A - a potion of brilliance {unknown}
 B - a potion of mutation
 C - a potion of flight
 D - 3 potions of lignification {unknown}
 H - a potion of might
 I - a potion of agility {unknown}
Comestibles
 g - 9 rations


   Skills:
 + Level 4.6 Fighting
 * Level 9.1 Short Blades
 + Level 4.7 Throwing
 + Level 5.2 Dodging
 + Level 8.7 Stealth


You had 8 spell levels left.
You didn't know any spells.
Your spell library contained the following spells:

 Spells                   Type           Power        Failure   Level  Hunger
 Confuse                  Hex            #.......     67%         3    ####...
 Tukima's Dance           Hex            #.......     67%         3    ####...
 Ensorcelled Hibernation  Hex/Ice        #.....       43%         2    ###....
 Corona                   Hex            #......      30%         1    ##.....
 Dazzling Spray           Conj/Hex       #.....       67%         3    ####...


Dungeon Overview and Level Annotations

Branches:
Dungeon (6/15)
 Temple: D:4-7

Altars:
Elyvilon
Yredelemnul

Shops:
D:4 [   D:5 *   D:6 [

Annotations:
D:6 Grinder


Innate Abilities, Weirdness & Mutations

You are small and have problems with some larger weapons.
You are carnivorous and can eat meat at any time.
Your system is resistant to poisons. (rPois)
Your natural rate of healing is unusually fast.


Message History

You barely resist. You barely miss Grinder.
Grinder is severely wounded.
Grinder barely misses you.
You barely miss Grinder.
Grinder is severely wounded.
You hit Grinder.
Grinder convulses.
Grinder is almost dead.
Grinder gestures at you.
You suddenly lose the ability to move!
Grinder hits you.
You writhe in agony.
* * * LOW HITPOINT WARNING * * *
Grinder hits you.
* * * LOW HITPOINT WARNING * * *
You writhe in agony.
* * * LOW HITPOINT WARNING * * *
Grinder hits you.
* * * LOW HITPOINT WARNING * * *
You writhe in agony.
You die...

##.................# ##..#
####...#..###.....# #....
######..#....# #.##### #....
#.........#..# #...## #.... ###
#.........#..# ###..####.... ..#
#.........#..## #........... ..##
#.........#...###........###
...########.###5.............<#
..........#.###.@.............###
....#####............#...........
##..######.#.........####......##
#..#......####...........######
#....########..........### ##
#..#.### ##............##### #.
##.##...####).#..............###.
...####..#...##########..###.....
...........<..........#.....###..


You could see Grinder.

Vanquished Creatures
  Eustachio (D:4)
  Duvessa (D:4)
  An ogre (D:5)
  A bullfrog (D:3)
  A scorpion (D:6)
  Dowan (D:4)
  A vampire bat (D:4)
  4 howler monkeys
  A crimson imp (D:6)
  A hound (D:4)
  Crazy Yiuf (D:3)
  An orc wizard (D:4)
  5 worker ants
  Natasha (thrice) (D:4)
  2 big kobold zombies (Ossuary)
  A hound zombie (D:6)
  8 mummies (Ossuary)
  10 adders
  7 gnolls
  3 shadow imps
  2 oozes
  A worm (D:2)
  4 dart slugs
  3 fire bats (D:4)
  5 leopard geckos
  12 orcs
  2 spectral bats (D:4)
  3 bat skeletons (D:4)
  A bat zombie (D:4)
  5 giant cockroaches
  3 gnoll zombies (Ossuary)
  9 goblins
  6 hobgoblins
  15 jackals
  3 quokkas
  4 ball pythons
  17 bats
  A bat simulacrum (D:4)
  3 frilled lizards
  A hobgoblin zombie (Ossuary)
  9 kobolds
  2 kobold zombies (Ossuary)
  A leopard gecko skeleton (D:4)
  A quokka skeleton (D:4)
  8 rats
  A fungus (D:3)
176 creatures vanquished.

Notes
Turn   | Place    | Note
-------+----------+-------------------------------------------
     0 | D:1      | Doobh the Kobold Assassin began the quest for the Orb.
     0 | D:1      | Reached XP level 1. HP: 12/12 MP: 1/1
    37 | D:1      | Reached skill level 3 in Short Blades
    37 | D:1      | Reached XP level 2. HP: 17/17 MP: 2/2
   259 | D:1      | Reached XP level 3. HP: 21/21 MP: 3/3
   865 | D:2      | Reached skill level 4 in Short Blades
   865 | D:2      | Reached XP level 4. HP: 27/27 MP: 4/4
  1243 | D:2      | Reached XP level 5. HP: 31/31 MP: 5/5
  2293 | D:3      | Found a faded altar of an unknown god.
  2622 | D:3      | Reached skill level 5 in Short Blades
  2683 | D:3      | Noticed a bullfrog
  2699 | D:3      | Killed a bullfrog
  2699 | D:3      | Reached XP level 6. HP: 25/36 MP: 6/6
  3137 | D:3      | Found a basalt altar of Yredelemnul.
  3425 | D:3      | Found a runed door.
  3429 | D:3      | Noticed Crazy Yiuf
  3445 | D:3      | Killed Crazy Yiuf
  3846 | D:4      | Reached skill level 6 in Short Blades
  3895 | D:4      | Noticed Eustachio
  3934 | D:4      | Noticed Natasha
  3934 | D:4      | Killed Eustachio
  3934 | D:4      | Reached XP level 7. HP: 9/41 MP: 7/7
  4192 | D:4      | Killed Natasha
  4233 | D:4      | Found Qutzi's Armour Shoppe.
  4426 | D:4      | Reached skill level 7 in Short Blades
  5186 | D:4      | Noticed Natasha
  5208 | D:4      | Killed Natasha
  5208 | D:4      | Reached XP level 8. HP: 30/46 MP: 8/8
  5209 | D:4      | Noticed Natasha
  5224 | D:4      | Killed Natasha
  5553 | D:4      | Noticed Dowan
  5554 | D:4      | Noticed Duvessa
  5674 | D:4      | Killed Dowan
  5685 | D:4      | Killed Duvessa
  5685 | D:4      | Reached skill level 8 in Short Blades
  5856 | D:5      | Entered Level 5 of the Dungeon
  6272 | D:5      | Got a silken robe
  6283 | D:5      | Identified the +1 robe of Conscience {+Fly rC+ MR-} (You found it on level 5 of the Dungeon)
  6419 | D:5      | Found Erghoalea's General Store.
  6423 | D:5      | Bought a scroll of identify for 30 gold pieces
  6423 | D:5      | Bought a scroll of identify for 30 gold pieces
  6661 | D:6      | Found a sand-covered staircase.
  6668 | Ossuary  | Entered an ossuary
  7501 | D:6      | Reached XP level 9. HP: 47/52 MP: 9/9
  7558 | D:6      | Reached skill level 5 in Dodging
  7579 | D:6      | Found Kazomuas's Antique Armour Boutique.
  7579 | D:6      | Noticed Grinder
  7634 | D:5      | Gained mutation: Your mind is acute. (Int +2) [potion of mutation]
  7634 | D:5      | Lost mutation: Your mind is acute. (Int +2) [potion of mutation]
  7634 | D:5      | Gained mutation: Your natural rate of healing is unusually fast. [potion of mutation]
  7634 | D:5      | Gained mutation: Your system is resistant to poisons. (rPois) [potion of mutation]
  7680 | D:6      | Found a white marble altar of Elyvilon.
  7733 | D:6      | Reached skill level 9 in Short Blades
  7987 | D:6      | Paralysed by Grinder for 5 turns
  7990 | D:6      | Slain by Grinder

Skill      XL: |  1  2  3  4  5  6  7  8  9 |
---------------+----------------------------+-----
Short Blades   | 3 4 5 6 7 8 9 |  9.1
Stealth        | 6 7 8 |  8.7
Dodging        | 2 3 4 5 |  5.2
Throwing       | 3 4 |  4.7
Fighting       | 3 4 |  4.6

Action                   |  1- 3 |  4- 6 |  7- 9 || total
-------------------------+-------+-------+-------++-------
Melee: Dagger            |    87 |   281 |   246 ||   614
       Short sword       |    12 |       |   128 ||   140
 Fire: Blowgun           |     2 |    32 |    30 ||    64
Throw: Stone             |       |     5 |    10 ||    15
       Tomahawk          |       |       |     6 ||     6
  Use: Scroll            |     3 |     1 |    16 ||    20
       Potion            |       |     4 |     3 ||     7
 Stab: Sleeping          |     9 |    16 |    18 ||    43
       Distracted        |       |     1 |       ||     1
  Eat: Chunk             |     8 |    10 |    13 ||    31
Armor: Robe              |    20 |    66 |    65 ||   151
Dodge: Dodged            |    69 |   161 |   267 ||   497
